Map: King's Cove LE

Players

Dyabolic - Winner!

  • Race: Zerg Zerg
  • League: Diamond
  • Spawn Location: 5:00

Scout

  • Race: Zerg Zerg
  • League: Diamond
  • Spawn Location: 11:00

VOD

Have the link to the VOD?

Description

Time

  • Played on: April 6, 2019, 3:01 p.m.
  • Length: 11:07
Show
View Real Time Build Order
Export as new Build Order

Dyabolic Zerg - Winner!

Build Orders: Hatch First 

Get SALT Encoding   

  12  0:01  Drone  
  13  0:13  Overlord  
  13  0:18  Drone  
  14  0:31  Drone x2  
  16  0:36  Drone  
  17  0:54  Hatchery  
  16  0:57  Drone  
  16  1:00  Drone  
  18  1:12  Extractor  
  18  1:15  Spawning Pool  
  18  1:18  Drone  
  17  1:21  Drone  
  18  1:29  Drone  
  19  1:40  Drone  
  20  1:53  Overlord  
  20  2:01  Queen  
  20  2:06  Queen  
  20  2:07  Zergling x2  
  25  2:12  Drone  
  25  2:13  Metabolic Boost  
  25  2:15  Drone  
  27  2:21  Drone  
  28  2:23  Drone  
  28  2:28  Drone  
  30  2:33  Baneling Nest  
  30  2:35  Drone  
  30  2:41  Queen  
  32  2:46  Drone  
  32  2:47  Drone  
  34  2:51  Overlord  
  34  3:00  Drone  
  35  3:14  Overlord  
  34  3:26  Zergling x2  
  34  3:27  Zergling x10  
  37  3:30  Drone  
  41  3:35  Hatchery  
  41  3:38  Drone  
  41  3:39  Drone  
  41  3:40  Zergling x2  
  43  3:51  Drone  
  43  3:54  Zergling x8  
  48  4:07  Baneling  
  48  4:08  Baneling x5  
  48  4:09  Zergling x8  
  45  5:01  Baneling  
  45  5:02  Baneling x9  
  45  5:04  Drone x2  
  47  5:09  Drone  
  47  5:10  Drone x3  
  47  5:12  Extractor  
  47  5:13  Extractor  
  49  5:17  Roach Warren  
  49  5:18  Extractor  
  49  5:20  Zergling x2  
  49  5:21  Zergling x14  
  53  5:37  Drone  
  53  5:38  Drone x3  
  52  6:06  Roach x3  
  52  6:07  Overlord x2  
  52  6:08  Overlord x2  
  53  6:25  Roach  
  53  6:26  Roach x5  
  62  6:37  Drone x2  
  62  6:38  Drone  
  64  6:47  Lair  
  64  6:52  Drone x2  
  64  6:53  Drone  
  67  6:58  Drone x3  
  70  7:07  Drone  
  71  7:14  Drone x2  
  71  7:15  Drone  
  74  7:17  Drone x3  
  77  7:24  Queen  
  77  7:27  Roach  
  77  7:28  Roach x4  
  77  7:29  Overlord x4  
  89  7:30  Overlord, Hatchery  
  89  7:32  Overlord  
  88  7:45  Glial Reconstitution  
  88  8:04  Roach  
  88  8:05  Roach x13  
  116  8:11  Roach x2  
  116  8:12  Roach x4  
  128  8:20  Overlord  
  128  8:21  Overlord x2  
  128  8:34  Roach  
  128  8:36  Overlord x3  
  128  8:37  Overlord x2  
  128  8:40  Roach  
  128  8:41  Roach x5  
  142  8:49  Roach x2  
  146  8:57  Roach  
  146  8:58  Roach x5  
  158  9:05  Roach  
  158  9:06  Roach x6  
  172  9:13  Roach  
  172  9:14  Roach x4  
  182  9:25  Roach x4  
  182  9:26  Roach x5  
  170  10:00  Roach  
  150  10:12  Roach x5  
  150  10:13  Roach x14  
  154  10:44  Roach x9  
  154  10:45  Roach x8  
Show
View Real Time Build Order
Export as new Build Order

Scout Zerg 

Build Orders: Hatch First, Roach Hydra 

Get SALT Encoding   

  12  0:01  Drone  
  13  0:13  Overlord  
  13  0:18  Drone  
  14  0:31  Drone x2  
  16  0:52  Hatchery  
  16  0:55  Drone  
  16  0:59  Extractor  
  16  1:00  Drone  
  16  1:04  Drone  
  17  1:19  Spawning Pool  
  17  1:22  Drone  
  17  1:27  Drone  
  17  1:31  Drone  
  19  1:39  Drone  
  20  1:50  Overlord  
  20  2:05  Queen x2  
  24  2:10  Metabolic Boost  
  24  2:14  Zergling x2  
  25  2:17  Zergling x2  
  25  2:22  Drone  
  27  2:26  Drone x2  
  29  2:32  Overlord  
  29  2:36  Drone  
  30  2:43  Baneling Nest  
  29  2:45  Zergling x2  
  29  2:46  Drone  
  29  2:49  Drone  
  32  3:01  Drone x2  
  34  3:11  Drone x2  
  36  3:13  Drone x2  
  38  3:20  Overlord  
  38  3:21  Drone x4  
  38  3:26  Overlord  
  42  3:28  Baneling x4  
  42  3:32  Zergling x2  
  43  3:43  Hatchery  
  42  3:51  Overlord  
  42  3:52  Drone x3  
  45  4:00  Drone x2  
  47  4:04  Zergling x4  
  47  4:05  Zergling x2  
  50  4:10  Zergling x2  
  50  4:15  Extractor x2, Drone  
  50  4:17  Roach Warren  
  48  4:29  Baneling x3  
  48  4:30  Zergling x4  
  50  4:37  Overlord x2  
  50  4:38  Drone x3  
  52  4:43  Zergling x2  
  52  4:44  Zergling x4  
  55  4:48  Overlord  
  52  5:01  Roach x3  
  52  5:03  Baneling  
  52  5:04  Baneling  
  58  5:14  Queen  
  58  5:15  Overlord x2, Extractor  
  58  5:16  Drone  
  58  5:17  Drone x2  
  58  5:18  Zergling x4  
  58  5:20  Baneling x3  
  60  5:29  Lair  
  60  5:33  Evolution Chamber  
  60  5:34  Evolution Chamber, Spore Crawler  
  56  5:36  Spore Crawler  
  56  5:38  Drone x3  
  56  5:41  Drone  
  56  5:42  Drone x5  
  64  5:51  Roach x3  
  64  5:54  Zergling x2  
  69  6:03  Drone  
  57  6:04  Drone x3  
  57  6:05  Drone x2  
  57  6:10  Drone x2  
  65  6:18  Roach x2  
  63  6:26  Glial Reconstitution  
  63  6:29  Drone x2  
  65  6:34  Roach  
  65  6:36  Roach  
  69  6:44  Queen  
  69  6:46  Zerg Missile Weapons Level 1  
  71  6:55  Roach x3  
  71  6:56  Drone  
  71  6:57  Drone  
  71  6:59  Drone  
  80  7:03  Drone x3  
  83  7:08  Zerg Ground Armor Level 1  
  83  7:11  Drone  
  83  7:12  Drone  
  83  7:14  Ravager x3  
  83  7:15  Ravager  
  89  7:18  Drone  
  90  7:23  Drone x4  
  94  7:34  Overlord x2, Drone x4  
  94  7:36  Drone  
  99  7:41  Hydralisk Den  
  98  7:47  Roach, Extractor  
  98  7:48  Roach x3, Extractor  
  104  7:55  Overlord, Drone  
  104  7:56  Roach x2  
  109  8:03  Roach x4  
  117  8:11  Muscular Augments  
  117  8:20  Spore Crawler  
  117  8:22  Roach, Hydralisk x3  
  117  8:23  Roach x2  
  117  8:25  Pneumatized Carapace  
  128  8:30  Hydralisk  
  128  8:31  Roach  
  132  8:35  Roach, Hydralisk  
  132  8:38  Overlord  
  132  8:40  Overlord  
  136  8:53  Drone x2  
  138  9:02  Hatchery  
  137  9:08  Hydralisk x3  
  137  9:09  Roach x2  
  147  9:11  Hydralisk  
  149  9:20  Roach, Hydralisk  
  149  9:21  Drone  
  149  9:22  Overlord x2, Grooved Spines  
  154  9:32  Overlord  
  154  9:40  Hydralisk x2  
  154  9:41  Roach x2  
  162  9:47  Roach, Hydralisk x2  
  162  9:50  Hydralisk  
  162  9:51  Roach  
  168  9:56  Hydralisk  
  168  9:57  Roach x2  
  144  10:00  Hydralisk  
  144  10:03  Roach  
  126  10:07  Hydralisk  
  126  10:08  Roach x2  
  126  10:10  Roach  
  104  10:15  Hydralisk  
  104  10:16  Roach  
  104  10:17  Drone  
  104  10:20  Roach, Hydralisk  
  105  10:21  Hydralisk  
  102  10:35  Hydralisk x2  
  80  10:36  Roach x2  
  80  10:37  Roach  
  80  10:41  Hydralisk  
  85  10:44  Roach  
  85  10:47  Roach  
Tags
 
Add a new tag
Caveats
  • Supply blocks, unpowered buildings, or Contaminate may cause inaccurate times.
  • Supply counts are checked every 10 seconds.